 Dungeon Crawl Stone Soup version 0.28.0-43-g3370ac3207 (webtiles) character file.

Game seed: 7821950336890713570

86 safid the Chopper (level 4, 0/40 HPs)
             Began as a Hill Orc Fighter on Mar 21, 2022.
             Succumbed to an adder's poison
             ... on level 2 of the Dungeon.
             The game lasted 00:02:01 (1739 turns).

safid the Chopper (Hill Orc Fighter)                Turns: 1739, Time: 00:02:02

Health: 0/40       AC:  7    Str: 20    XL:     4   Next: 49%
Magic:  4/4        EV:  9    Int:  8    God:
Gold:   60         SH:  4    Dex: 10    Spells: 3/3 levels left

rFire   . . .      SeeInvis .   a - +0 war axe
rCold   . . .      Faith    .   c - +0 buckler
rNeg    . . .      Spirit   .   b - +0 scale mail
rPois   .          Reflect  .   (no helmet)
rElec   .          Harm     .   (no cloak)
rCorr   .          Rampage  .   (no gloves)
Will    .....                   (no boots)
Stlth   ..........              (no amulet)
HPRegen 0.13/turn               j - ring of flight
MPRegen 0.09/turn               (no ring)

@: lethally poisoned (0 -> -2), flying
A: no striking features
a: no special abilities


You were on level 2 of the Dungeon.
You visited 1 branch of the dungeon, and saw 2 of its levels.

You collected 60 gold pieces.

Inventory:

Hand Weapons
 a - a +0 war axe (weapon)
Armour
 b - a +0 scale mail (worn)
 c - a +0 buckler (worn)
Jewellery
 j - a ring of flight (left hand)
Scrolls
 e - 3 scrolls of identify {unknown}
 g - a scroll of amnesia {unknown}
 h - a scroll of blinking {unknown}
 k - 2 scrolls of enchant armour {unknown}
Potions
 d - a potion of might
 f - 2 potions of haste {unknown}
 i - a potion of experience {unknown}


   Skills:
 - Level 4.0 Fighting
 + Level 4.4 Axes
 - Level 4.0 Armour
 - Level 4.0 Shields


You had 3 spell levels left.
You didn't know any spells.
Your spell library contained the following spells:

 Spells                   Type           Power      Damage    Failure   Level
 Apportation              Tloc           0%         N/A       85%         1
 Alistair's Intoxication  Tmut/Pois      0%         N/A       100%        5
 Iskenderun's Battlesphe  Conj           0%         2d6       100%        5
 Iron Shot                Conj/Erth      0%         9d1       100%        6
 Spellforged Servitor     Conj/Summ      0%         N/A       100%        7


Dungeon Overview and Level Annotations

Branches:
Dungeon (2/15)

Altars:
Wu Jian


Message History

* * * LOW HITPOINT WARNING * * *
You are poisoned.
The adder poisons you!
You feel sick.
Unknown command.
You feel sick.
You feel sick.
You feel sick.
You feel sick.
You feel sick. You block the adder's attack.
You feel sick.
You are no longer poisoned.
You block the adder's attack. The adder closely misses you.
The adder bites you but does no damage. You block the adder's attack.
You block the adder's attack. The adder bites you but does no damage.
You block the adder's attack. The adder closely misses you.
The adder barely misses you. You block the adder's attack.
The adder closely misses you. The adder bites you.
* * * LOW HITPOINT WARNING * * *
There is a stone staircase leading up here.
The adder bites you.
* * * LOW HITPOINT WARNING * * *
You are lethally poisoned!
The adder poisons you!
* * * LOW HITPOINT WARNING * * *
You feel sick. The adder closely misses you.
* * * LOW HITPOINT WARNING * * *
You feel sick.
* * * LOW HITPOINT WARNING * * *
You feel sick.
* * * LOW HITPOINT WARNING * * *
You feel sick.
* * * LOW HITPOINT WARNING * * *
You feel sick. The adder bites you but does no damage.
You die...

.......................
##.#.##^.............#
##.#.##..............#
##.#.##........).....#
...#.##.........†....##
.....###+######'###....
.##### #..# ..##
.#######. ##.# ..#
......##.# #####@##..#
..###.##.###.........#
.## #.##...#...S..#..#
.####......#..S##....#
.#..+......#.........#
.#.##.....##g....[...#
.#.##...g<........#..#
..............#...#..####
.#####........#.....>....


You could see 2 adders and a hobgoblin.

Vanquished Creatures
  Jessica (D:2)
  An adder (D:2)
  2 gnolls (D:1)
  A bat (D:1)
  5 endoplasms
  2 giant cockroaches (D:1)
  A goblin (D:1)
  6 hobgoblins (D:1)
  5 ball pythons (D:1)
  2 frilled lizards (D:1)
  2 kobolds (D:1)
  5 rats
33 creatures vanquished.

Notes
Turn   | Place    | Note
-------+----------+-------------------------------------------
     0 | D:1      | safid the Hill Orc Fighter began the quest for the Orb.
     0 | D:1      | Reached XP level 1. HP: 19/19 MP: 1/1
   136 | D:1      | Reached XP level 2. HP: 27/27 MP: 2/2
   889 | D:1      | Reached XP level 3. HP: 31/33 MP: 3/3
  1557 | D:2      | Noticed Jessica
  1560 | D:2      | Killed Jessica
  1561 | D:2      | Reached XP level 4. HP: 40/40 MP: 4/4
  1625 | D:2      | Found an ornate altar of the Wu Jian Council.
  1736 | D:2      | HP: 2/40 [poisoned by an adder]
  1739 | D:2      | Succumbed to an adder's poison

Illustrated notes

Levels and vault maps discovered:
D:1:      dpeg_arrival_rooms_with_view, layout_basic,
          hangedman_abyss_or_decor_lesser_grid, roderic_serpentine_path
D:2:      layout_basic, basic_altar, minmay_randomly_rotated_circles,
          uniq_jessica

Skill      XL: |  1  2  3 |
---------------+----------+-----
Axes           | 3 4 |  4.4
Fighting       | 4 |  4.0
Armour         | 4 |  4.0
Shields        | 4 |  4.0

Action                   |  1- 3 |  4- 6 || total
-------------------------+-------+-------++-------
Melee: War axe           |   101 |    13 ||   114
Armor: Scale mail        |    51 |    12 ||    63
Dodge: Dodged            |    46 |    21 ||    67
Block: Buckler           |    22 |     9 ||    31
